 Dungeon Crawl Stone Soup version 0.32-a0-931-g5a2cda0 (webtiles) character file.

Game seed: 16988214438127769650

416 Gumil the Chopper (level 6, -7/56 HPs)
             Began as a Minotaur Fighter on Apr 13, 2024.
             Killed by nerve-wracking pain
             ... invoked by an orc priest
              (13 damage)
             ... on level 4 of the Dungeon.
             The game lasted 00:08:57 (2611 turns).

Gumil the Chopper (Minotaur Fighter)                Turns: 2611, Time: 00:08:57

Health: -7/56      AC: 13    Str: 23    XL:     6   Next: 60%
Magic:  5/5        EV:  5    Int:  5    God:
Gold:   192        SH:  4    Dex:  9    Spells: 5/5 levels left

rFire   . . .        a - +0 war axe
rCold   . . .        c - +0 buckler
rNeg    . . .        j - +0 plate armour
rPois   .            (helmet restricted)
rElec   .            l - +0 cloak
rCorr   .            (no gloves)
SInv    .            (no boots)
Will    .....        (no amulet) Stlth
                     (no ring)
HPRegen 0.29/turn    (no ring)
MPRegen 0.09/turn

%: no passive effects
@: no status effects
A: horns 2, retaliatory headbutt
a: Convert to Beogh


You were on level 4 of the Dungeon.
You visited 1 branch of the dungeon, and saw 4 of its levels.

You collected 192 gold pieces.

Inventory:

Hand Weapons
 a - a +0 war axe (weapon)
 f - the +11 dagger "Numeonn" {freeze, *Corrode Fly rC+ Int+4}
   (You found it on level 2 of the Dungeon)

   Int+4:     It affects your intelligence (+4).
   rC+:       It protects you from cold.
   Fly:       It grants you flight.
   *Corrode:  It may corrode you when you take damage.
Missiles
 b - 6 javelins
 g - 6 datura-tipped darts (quivered)
 h - 3 throwing nets {!f}
 u - a boomerang
Armour
 c - a +0 buckler (worn)
 j - a +0 plate armour (worn)
 l - a +0 cloak (worn)
Scrolls
 e - 3 scrolls of enchant weapon {unknown}
 m - a scroll of torment {unknown}
 n - a scroll of identify {unknown}
 p - a scroll of vulnerability {unknown}
 q - a scroll of silence {unknown}
 s - a scroll of blinking {unknown}
 v - a scroll of poison {unknown}
Potions
 d - a potion of might
 i - a potion of heal wounds {unknown}
 k - a potion of brilliance {unknown}
 o - a potion of resistance {unknown}
 r - a potion of enlightenment {unknown}
 t - a potion of degeneration {unknown}


   Skills:
 + Level 5.2 Fighting
 * Level 5.6 Axes
 + Level 5.1 Armour
 + Level 5.2 Shields


You had 5 spell levels left.
You didn't know any spells.
Your spell library was empty.

Dungeon Overview and Level Annotations

Branches:
Dungeon (4/15)
 Temple: D:4-7

Altars:
Gozag
Hepliaklqana
Trog


Innate Abilities, Weirdness & Mutations

You have a pair of horns on your head.
You reflexively headbutt those who attack you in melee.


Message History

The orc wizard hits you with a +0 dagger.
You hit the orc wizard but do no damage.
You closely miss the orc.
You feel very sick. The orc wizard barely misses you. You furiously retaliate!
You headbutt the orc wizard. You block the orc's attack.
You hit the orc wizard.
The orc wizard is moderately wounded.
You barely miss the orc.
You feel sick. The orc wizard barely misses you. The orc barely misses you. x2
The orc wizard hits you with a +0 dagger.
* * * LOW HITPOINT WARNING * * *
You barely miss the orc wizard.
The orc wizard is moderately wounded.
You barely miss the orc.
You feel sick.
The orc wizard hits you but does no damage.
The orc hits you but does no damage.
You hit the orc wizard.
The orc wizard is heavily wounded.
You hit the orc.
You kill the orc!
You feel sick.
The orc wizard hits you but does no damage.
You hit the orc priest.
The orc priest is lightly wounded.
You hit the orc wizard.
You feel sick.
The orc wizard hits you but does no damage.
The orc priest barely misses you.
You slash the orc wizard!
You kill the orc wizard!
The orc priest shouts, "The Pantheon deserves no one's loyalty.
Let us show you the true path!"
You slash the orc priest!
You feel sick.
The orc priest begins to cast a cantrip, but forgets the words!
You barely miss the orc priest.
The orc priest is severely wounded.
You feel sick.
You are no longer poisoned.
The orc priest calls down the wrath of Beogh upon you.
Pain shoots through your body!
You die...

#.###.# #.
......####### #..
........##.. ..#
#.#####.##.# #.#
. #.#
#.##.#####.#####.
#.#
#........#.#....
#.#
####.......#.#..
#.#
#........)o.#s#
#.#
#.#......@#)#.#
#.#
#.###...###s#.#
#.# # ##.....oo.#
. #.####.o..o.# #
#..###.###.o#
##....##. ..o.
#≈....# .# ###
##≈≈..## .#
#≈≈≈..# .#


You could see an orc priest.

Vanquished Creatures
  A scorpion (D:4)
  2 orc priests
  6 orc wizards
  3 gnolls (D:3)
  5 adders
  A dart slug (D:2)
  2 ribbon worms
  13 orcs
  6 ball pythons
  2 endoplasms
  2 giant cockroaches
  4 goblins
  4 hobgoblins
  2 quokkas (D:1)
  4 bats
  A frilled lizard (D:1)
  5 kobolds
  2 rats
65 creatures vanquished.

Notes
Turn   | Place    | Note
-------+----------+-------------------------------------------
     0 | D:1      | Gumil the Minotaur Fighter began the quest for the Orb.
     0 | D:1      | Reached XP level 1. HP: 19/19 MP: 0/0
   167 | D:2      | Reached XP level 2. HP: 22/27 MP: 1/1
   174 | D:2      | Identified the +11 dagger "Numeonn" {freeze, *Corrode Fly
                  | rC+ Int+4}
   752 | D:2      | Reached XP level 3. HP: 33/33 MP: 2/2
   807 | D:2      | Found a bloodstained altar of Trog.
  1616 | D:3      | Found an opulent altar of Gozag.
  1719 | D:3      | Reached XP level 4. HP: 33/40 MP: 3/3
  1823 | D:3      | Reached XP level 5. HP: 34/47 MP: 4/4
  1927 | D:3      | Found a hazy altar of Hepliaklqana.
  2471 | D:4      | Reached skill level 5 in Axes
  2587 | D:4      | Reached XP level 6. HP: 28/55 MP: 5/5
  2593 | D:4      | Reached skill level 5 in Fighting
  2593 | D:4      | Reached skill level 5 in Shields
  2597 | D:4      | Reached skill level 5 in Armour
  2611 | D:4      | Killed from afar by an orc priest

Illustrated notes

Levels and vault maps discovered:
D:1:      ldierk_walled_garden, layout_loops_ring,
          chequers_serial_rivers_room_b, grunt_decor_mini_mirrors
D:2:      layout_loops_cross, basic_altar
D:3:      cheibrodos_pilgrimage, layout_basic,
          nicolae_gozag_cash_rules_everything_around_me, old_standard_altar,
          kennysheep_generic_room_10
D:4:      kennysheep_goblin_castle, layout_loops_ring,
          mainiacjoe_overflow_boulevard, minmay_temple_entry_fiery

Skill      XL: |  1  2  3  4  5  6 |
---------------+-------------------+-----
Axes           | 3 4 5 |  5.6
Fighting       | 4 5 |  5.2
Armour         | 4 5 |  5.1
Shields        | 4 5 |  5.2

Action                     |  1- 3 |  4- 6 || total
---------------------------+-------+-------++-------
  Melee: War axe           |   103 |    87 ||   190
         Headbutt          |    11 |    12 ||    23
 Armour: Scale mail        |    55 |       ||    55
         Plate armour      |    42 |    85 ||   127
  Dodge: Dodged            |    45 |    24 ||    69
  Block: Buckler           |    17 |    13 ||    30

Table legend: (Time is in decaauts)
 A = Elapsed time spent in this place.
 B = Non-inter-level travel time spent in this place.
 C = Inter-level travel time spent in this place.
 D = Time resting spent in this place.
 E = Time spent auto-exploring this place.
 F = Levels seen in this place.
 G = Mean time per level.
                   A        B        C        D        E       F      G
               +--------+--------+--------+--------+--------+-----+--------+
         Total |   2684 |   2513 |    171 |     12 |   1829 |   4 |  671.0 |
       Dungeon |   2684 |   2513 |    171 |     12 |   1829 |   4 |  671.0 |
               +--------+--------+--------+--------+--------+-----+--------+

Top non-repeatable levels by time:
     D:3: 962 daAuts
     D:1: 718 daAuts
     D:2: 706 daAuts
     D:4: 296 daAuts
